 Dungeon Crawl Stone Soup version 0.27-a0-577-ge2a43ba0c9 (webtiles) character file.

Game seed: 14049794807674363750

42555 wakim the Covert (level 14, -5/88 HPs)
             Began as a Kobold Brigand on Mar 9, 2021.
             Was a Follower of Uskayaw.
             Slain by Hiceoc's ghost (25 damage)
             ... on level 4 of the Lair of Beasts.
             The game lasted 01:31:30 (29854 turns).

wakim the Covert (Kobold Brigand)                  Turns: 29854, Time: 01:31:31

Health: -5/88      AC: 18    Str: 23    XL:     14   Next: 56%
Magic:  20/21      EV: 28    Int: 15    God:    Uskayaw [*.....]
Gold:   1240       SH: 12    Dex: 25    Spells: 13/13 levels left

rFire    + + .     SeeInvis .   a - +2 short sword (drain)
rCold    . . .     Faith    .   s - +0 kite shield
rNeg     . . .     Spirit   .   O - +3 leather armour {rF+}
rPois    .         Reflect  .   x - +0 helmet
rElec    .         Harm     .   M - +1 cloak {rF+}
rCorr    .         Rampage  .   j - +4 pair of gloves of the Cricket {+Fly Will- Int+2 Dex+4}
Will     .....                  h - +2 pair of boots
Stlth    +++++++...             r - amulet "Xiuce" {RegenMP Str+9}
HPRegen  0.24/turn              f - +4 ring of evasion
MPRegen  0.42/turn              F - +6 ring of strength

@: no status effects
A: small, nightstalker 3
a: Renounce Religion, Evoke Flight, Stomp


You were on level 4 of the Lair of Beasts.
You worshipped Uskayaw.
Uskayaw was aware of your devotion.
You visited 4 branches of the dungeon, and saw 20 of its levels.
You also visited: Gauntlet and Volcano.

You collected 1240 gold pieces.

Inventory:

Hand Weapons
 a - a +2 short sword of draining (weapon)
 b - a +0 rapier
 k - the +11 war axe of Zieze {flame, rElec Dex+2 Stlth-}
   (You took it off a minotaur in a Gauntlet)

   It has been specially enchanted to burn those struck by it, causing extra
   injury to most foes and up to half again as much damage against particularly
   susceptible opponents.
   Big, fiery blades are also staple armaments of hydra-hunters.
   It affects your dexterity (+2).
   It insulates you from electricity.
   It makes you less stealthy.
Missiles
 d - 33 poisoned darts
 e - 5 curare-tipped darts (quivered)
 D - 6 throwing nets
Armour
 h - a +2 pair of boots (worn)
 j - the +4 pair of gloves of the Cricket (worn) {+Fly Will- Int+2 Dex+4}
   (You found it in a Gauntlet)

   It affects your intelligence (+2).
   It affects your dexterity (+4).
   It affects your willpower, your defense against some magical effects.
   It lets you fly.
 s - a +0 kite shield (worn)
 x - a +0 helmet (worn)
 B - a +0 chain mail of poison resistance
 K - a +1 scale mail of poison resistance
 M - a +1 cloak of fire resistance (worn)
 O - a +3 leather armour of fire resistance (worn)
Jewellery
 f - a +4 ring of evasion (left hand)
 r - the amulet "Xiuce" (around neck) {RegenMP Str+9}
   (You found it in a Gauntlet)

   [amulet of magic regeneration]

   It increases your magic regeneration.
   It affects your strength (+9).
 w - a ring of flight
 F - a +6 ring of strength (right hand)
Wands
 m - a wand of flame (98)
 u - a wand of polymorph (9)
 z - a wand of digging (7)
 C - a wand of charming (5)
 J - a wand of acid (25)
Scrolls
 l - a scroll of fog
 o - 2 scrolls of enchant weapon
 q - 3 scrolls of teleportation
 t - 2 scrolls of enchant armour
 y - 9 scrolls of identify
 E - a scroll of amnesia
 L - a scroll of blinking
 N - a scroll of fear
Potions
 c - 2 potions of berserk rage
 g - a potion of mutation
 i - 3 potions of resistance
 n - 4 potions of brilliance
 p - 2 potions of flight
 v - a potion of cancellation
 A - a potion of invisibility
 G - 2 potions of might
 H - a potion of haste


   Skills:
 - Level 10.4 Fighting
 - Level 14.0 Short Blades
 - Level 4.0 Throwing
 - Level 6.0 Armour
 * Level 12.2 Dodging
 + Level 14.5 Stealth
 + Level 5.3 Shields
 + Level 10.0 Invocations


You had 13 spell levels left.
You didn't know any spells.
Your spell library contained the following spells:

 Spells                   Type           Power      Damage    Failure   Level
 Animate Skeleton         Necr           0%         N/A       78%         1
 Apportation              Tloc           0%         N/A       78%         1
 Corona                   Hex            0%         N/A       78%         1
 Magic Dart               Conj           0%         1d3       78%         1
 Pain                     Necr           0%         1d4       78%         1
 Summon Small Mammal      Summ           0%         N/A       78%         1
 Searing Ray              Conj           0%         3d3       89%         2
 Dazzling Flash           Conj/Hex       0%         N/A       98%         3
 Static Discharge         Conj/Air       0%         N/A       98%         3
 Vampiric Draining        Necr           0%         2d6       98%         3
 Animate Dead             Necr           0%         N/A       100%        4
 Fulminant Prism          Conj/Hex       0%         3d6       100%        4
 Iskenderun's Mystic Bla  Conj/Tloc      0%         2d3       100%        4
 Agony                    Necr           0%         N/A       100%        5
 Lightning Bolt           Conj/Air       0%         1d11      100%        5
 Ignition                 Fire           0%         3d3       100%        8
 Shatter                  Erth           0%         3d5*      100%        9
 Tornado                  Air            0%         N/A       100%        9


Dungeon Overview and Level Annotations

Branches:
Dungeon (14/15)            Temple (1/1) D:7            Lair (4/6) D:11
  Swamp (0/4) Lair:2        Snake (0/4) Lair:2          Orc (1/2) D:10
Volcano (visited)         Gauntlet (visited)
 Vaults: D:13-14

Altars:
Ashenzari
Cheibriados
Dithmenos
Elyvilon
Fedhas
Gozag
Hepliaklqana
Kikubaaqudgha
Makhleb
Nemelex Xobeh
Okawaru
Qazlal
Ru
Sif Muna
Trog
Uskayaw
Vehumet
Wu Jian
Xom
Yredelemnul
Zin
The Shining One

Annotations:
D:12 Nergalle
Lair:1 exclusion: 2 oklob plants
Lair:4 1 transporter, exclusion: oklob plant, Hiceoc's ghost, journeyman FeBe
Orc:1 Erica


Innate Abilities, Weirdness & Mutations

You are small and have problems with some larger weapons.
You are completely attuned to the shadows.


Message History

The death yak completely misses you.
The dream sheep bites you but does no damage.
Hiceoc's ghost hits you!
* * * LOW HITPOINT WARNING * * *
Aiming: Line Pass
Press: ? - help, Dir - move target The dream sheep appears confused.
You can no longer pass through a line of other dancers.
The catoblepas breathes a plume of calcifying dust at you.
The blast of calcifying dust hits you but does no damage.
You block the dream sheep's attack.
The dream sheep bites the death yak!
You completely miss the death yak.
The death yak is lightly wounded.
The dream sheep seems less confused.
The catoblepas misses you.
The death yak is engulfed in calcifying dust.
The death yak is moving more slowly.
The death yak completely misses you.
You hit the catoblepas but do no damage.
You drain the catoblepas.
The catoblepas is lightly wounded.
The death yak is engulfed in calcifying dust.
The death yak stops moving altogether!
The dream sheep is engulfed in calcifying dust.
The dream sheep is moving more slowly.
The dream sheep ruffles its wool and motes of dream dust sparkle, to no effect.
Found 11 gold pieces.
You hit the catoblepas.
The catoblepas is lightly wounded.
The death yak is engulfed in calcifying dust.
The death yak is moving more slowly.
The catoblepas completely misses you.
The death yak is engulfed in calcifying dust.
You puncture the catoblepas! You drain the catoblepas.
The catoblepas is moderately wounded.
The catoblepas misses you.
You completely miss the catoblepas.
The catoblepas is moderately wounded.
The catoblepas breathes a plume of calcifying dust at you.
The blast of calcifying dust hits you but does no damage.
Hiceoc's ghost hits you!!
You die...

####.## ###.....## ##..#####.##
#..##...##.#### ##.##.###.##.#.##
##.##.....YY##.#.#
##.##8≈..≈$YY8##..#
##.##.≈#.###W#§≈##.##
###.##....##.#.@.§.##.##
##...#.#..##.?..#..#.#..#.# ##
#...©#©#..#.?.$.#..#©#©.... #P#
.....#.#.$##/..##$≈#$#..... ...
.....##$...##?# ...##...........
......##..#.# ≈##............
.......##8.≈.≈ P##.............
........##..≈.≈..##..............
.........##.###.##...............


You could see a death yak (petrified), a dream sheep (petrifying) and Hiceoc's
ghost.

Vanquished Creatures
  Nessos (D:13)
  A minotaur (Gauntlet)
  Snorg (D:10)
  2 hydras
  Harold (D:7)
  An ogre mage (Volcano)
  A catoblepas (Gauntlet)
  8 two-headed ogres
  A death yak (Lair:3)
  A hell knight (Volcano)
  A skeletal warrior (D:13)
  An unseen horror (D:13)
  2 bog bodies (Lair:2)
  A lindwurm (Lair:1)
  Pikel (D:8)
  An orc sorcerer (Orc:1)
  2 wolf spiders
  3 ugly things
  5 cyclopes
  2 black mambas
  Maurice (D:12)
  A torpor snail (Lair:3)
  2 gargoyles
  7 cane toads
  3 komodo dragons
  2 rime drakes
  A jumping spider (Gauntlet)
  2 trolls
  A hornet (D:10)
  Grinder (D:4)
  A polar bear (Lair:2)
  6 blink frogs
  A wolf spider simulacrum (Gauntlet)
  2 shadows
  3 wyverns
  2 basilisks
  19 yaks
  Eustachio (D:5)
  3 vampire mosquitoes (D:13)
  3 wargs
  A naga (Lair:2)
  Edmund (D:4)
  8 water moccasins
  9 orc warriors
  An eye of draining (D:10)
  5 ice beasts
  A sky beast (D:11)
  4 black bears
  A necrophage (D:9)
  6 wolves (Lair:1)
  7 ogres
  12 centaurs
  3 phantoms
  28 bullfrogs
  A wyvern zombie (D:9)
  A cane toad simulacrum (Gauntlet)
  A water moccasin zombie (D:8)
  7 scorpions
  30 killer bees
  11 wights
  A howler monkey (D:11)
  A centaur zombie (D:10)
  A bullfrog zombie (D:12)
  2 centaur skeletons
  4 hounds
  3 bullfrog skeletons
  5 orc priests
  A gnoll shaman (D:8)
  A jelly (D:11)
  5 iguanas
  10 orc wizards
  6 worker ants
  2 centaur simulacra (Gauntlet)
  A hound zombie (D:8)
  A hound skeleton (D:11)
  A worker ant zombie (D:8)
  Robin (D:4)
  17 adders
  4 gnolls (D:8)
  A howler monkey skeleton (D:11)
  A shadow imp (D:7)
  3 white imps
  2 ufetubi
  An adder zombie (D:7)
  A worm (D:5)
  A dart slug (D:3)
  3 leopard geckos
  49 orcs
  12 giant cockroaches
  17 goblins
  12 hobgoblins
  15 jackals
  5 quokkas
  A ball python (D:3)
  6 bats
  7 frilled lizards
  8 kobolds
  A leopard gecko skeleton (D:8)
  3 quokka skeletons
  4 rats
457 creatures vanquished.

Vanquished Creatures (others)
  6 fungi
  9 plants
15 creatures vanquished.

Grand Total: 472 creatures vanquished

Notes
Turn   | Place    | Note
-------+----------+-------------------------------------------
     0 | D:1      | wakim the Kobold Brigand began the quest for the Orb.
     0 | D:1      | Reached XP level 1. HP: 12/12 MP: 1/1
   309 | D:1      | Reached XP level 2. HP: 13/17 MP: 2/2
   819 | D:1      | Reached XP level 3. HP: 21/21 MP: 3/3
  1406 | D:2      | Found a blossoming altar of Fedhas.
  1637 | D:2      | Found a sacrificial altar of Ru.
  2095 | D:2      | Found a hazy altar of Hepliaklqana.
  2301 | D:2      | Reached XP level 4. HP: 26/26 MP: 4/4
  2668 | D:3      | Found a radiant altar of Vehumet.
  3096 | D:3      | Reached XP level 5. HP: 30/30 MP: 5/5
  3328 | D:3      | Reached skill level 5 in Short Blades
  4519 | D:4      | Noticed Edmund
  4523 | D:4      | Killed Edmund
  4524 | D:4      | Reached XP level 6. HP: 35/35 MP: 6/6
  4858 | D:4      | Noticed Grinder
  4862 | D:4      | Killed Grinder
  4863 | D:4      | Reached XP level 7. HP: 40/40 MP: 7/7
  4899 | D:4      | Noticed Robin
  4933 | D:4      | Killed Robin
  5767 | D:5      | Entered Level 5 of the Dungeon
  6066 | D:5      | Noticed Eustachio
  6136 | D:5      | Killed Eustachio
  6137 | D:5      | Reached XP level 8. HP: 24/41 MP: 8/8
  6613 | D:5      | Reached skill level 5 in Dodging
  6765 | D:5      | Found a shadowy altar of Dithmenos.
  6925 | D:5      | Found a white marble altar of Elyvilon.
  7254 | D:6      | Reached skill level 10 in Short Blades
  7619 | D:6      | Reached XP level 9. HP: 49/49 MP: 9/9
  7941 | D:6      | Found a glowing golden altar of the Shining One.
  8101 | D:6      | Reached skill level 1 in Armour
  8101 | D:6      | Reached skill level 1 in Shields
  8474 | D:6      | Found a broken altar of Ashenzari.
  8474 | D:6      | Found a sacrificial altar of Ru.
  8707 | D:7      | Found a staircase to the Ecumenical Temple.
  8715 | Temple   | Entered the Ecumenical Temple
  8866 | Temple   | Became a worshipper of Uskayaw the Reveller
  9085 | D:7      | Reached * piety under Uskayaw
  9111 | D:7      | Reached ** piety under Uskayaw
  9228 | D:7      | Reached skill level 5 in Fighting
  9233 | D:7      | Found a stormy altar of Qazlal.
  9239 | D:7      | Noticed Harold
  9253 | D:7      | Killed Harold
  9254 | D:7      | Reached XP level 10. HP: 60/60 MP: 10/10
  9439 | D:7      | Reached *** piety under Uskayaw
  9443 | D:7      | Reached **** piety under Uskayaw
 10576 | D:8      | Found a radiant altar of Vehumet.
 10634 | D:8      | Reached skill level 10 in Stealth
 11035 | D:8      | Found a glowing silver altar of Zin.
 11035 | D:8      | Found an opulent altar of Gozag.
 11737 | D:8      | Noticed a two-headed ogre
 11751 | D:8      | Killed a two-headed ogre
 11922 | D:9      | Reached XP level 11. HP: 67/67 MP: 11/11
 11963 | D:9      | Reached skill level 1 in Invocations
 12034 | D:9      | Noticed a two-headed ogre
 12038 | D:9      | Killed a two-headed ogre
 12525 | D:10     | Entered Level 10 of the Dungeon
 12840 | D:10     | Found a staircase to the Orcish Mines.
 13416 | D:8      | Noticed Pikel
 13754 | D:8      | Killed Pikel
 13979 | D:10     | Noticed Snorg
 13984 | D:10     | Killed Snorg
 13985 | D:10     | Reached skill level 5 in Invocations
 14159 | D:10     | Found a shimmering altar of Xom.
 14265 | D:10     | Noticed a cyan ugly thing
 14719 | D:10     | Killed a cyan ugly thing
 15184 | D:10     | Reached ***** piety under Uskayaw
 15443 | D:11     | Noticed a green ugly thing
 15489 | D:11     | Killed a green ugly thing
 15490 | D:11     | Reached XP level 12. HP: 23/75 MP: 12/16
 15494 | D:11     | Noticed a two-headed ogre
 16369 | D:10     | Killed a two-headed ogre
 17317 | D:11     | Found a staircase to the Lair.
 17487 | D:11     | Reached skill level 10 in Dodging
 18833 | Orc:1    | Entered Level 1 of the Orcish Mines
 18968 | Orc:1    | Noticed Erica
 19761 | D:11     | HP: 3/76 [poisoned by a killer bee]
 20345 | D:11     | You fall into a shaft and drop 3 floors!
 21023 | D:12     | Noticed Maurice
 21345 | D:12     | Killed Maurice
 21529 | D:12     | Reached XP level 13. HP: 59/68 MP: 18/18
 21536 | D:12     | Noticed a seven-headed hydra
 21876 | D:13     | Noticed Nessos
 21880 | D:13     | Killed Nessos
 21884 | D:13     | Identified the +1 robe of Hadjma {rPois Str+2 Int-2 Dex+2}
 22226 | D:12     | Noticed Nergalle
 22279 | D:12     | Identified the +9 war axe "Adokefen" {vorpal, +Rage +Fly
                  | rF- Str+3}
 22330 | D:13     | Reached skill level 10 in Fighting
 22720 | D:13     | HP: 1/82 [skeletal warrior/+0 long sword (18)]
 23383 | Lair:1   | Entered Level 1 of the Lair of Beasts
 23415 | Lair:1   | Identified the +0 robe of the Ancient Deaths {Str+3}
 24254 | Lair:1   | Noticed a seven-headed hydra
 24255 | Lair:1   | Killed a seven-headed hydra
 24958 | Lair:2   | Found a staircase to the Swamp.
 25273 | Lair:2   | Reached skill level 5 in Armour
 25801 | Lair:2   | Found a basalt altar of Yredelemnul.
 25892 | Lair:2   | Found a staircase to the Snake Pit.
 26699 | Lair:3   | Found a dark tunnel.
 26705 | Volcano  | Entered a volcano
 26729 | Volcano  | Reached XP level 14. HP: 88/88 MP: 19/21
 27575 | Lair:3   | Reached skill level 5 in Shields
 28113 | Lair:4   | Found a gate leading to a gauntlet.
 28120 | Gauntlet | Entered a Gauntlet
 28120 | Gauntlet | Found a transporter.
 28159 | Gauntlet | Found a runed translucent door.
 28169 | Gauntlet | Found a transporter.
 28180 | Gauntlet | Found a transporter.
 28183 | Gauntlet | Noticed an entropy weaver
 28222 | Gauntlet | Found a transporter.
 28293 | Gauntlet | Found a runed translucent door.
 28398 | Gauntlet | Found a transporter.
 28398 | Gauntlet | Found a transporter.
 28419 | Gauntlet | Found a transporter.
 28419 | Gauntlet | Found a transporter.
 28463 | Gauntlet | Found a transporter.
 28463 | Gauntlet | Found a transporter.
 28487 | Gauntlet | Found a transporter.
 28487 | Gauntlet | Found a transporter.
 28809 | Gauntlet | Identified the +4 pair of gloves of the Cricket {+Fly Will-
                  | Int+2 Dex+4}
 29073 | Gauntlet | Identified the amulet "Xiuce" {RegenMP Str+9}
 29435 | Gauntlet | Identified the +11 war axe of Zieze {flame, rElec Dex+2
                  | Stlth-}
 29435 | Gauntlet | Noticed a minotaur
 29459 | Gauntlet | Killed a minotaur
 29460 | Gauntlet | Reached skill level 10 in Invocations
 29773 | Lair:4   | Found a transporter.
 29773 | Lair:4   | Found a transporter.
 29804 | Lair:4   | Noticed Hiceoc's ghost (journeyman FeBe)
 29854 | Lair:4   | Slain by Hiceoc's ghost

Illustrated notes

Levels and vault maps discovered:
D:1:      lightli_arrival_statue_moat, layout_loops_corners, skrybe_limestone_x,
          chequers_avenue, minmay_indecisive_spiral
D:2:      layout_loops_ring, lemuel_crystal_altar,
          nicolae_hepliaklqana_hazy_memory, minmay_liquid_box,
          minmay_misc_feat_iff, nicolae_ru_sacrificial_ziggurat
D:3:      minmay_door_path, layout_loops_ring, lemuel_coloured_pillars_altar
D:4:      layout_layer_cave, hex_medium, uniq_grinder, uniq_robin, uniq_edmund
D:5:      layout_basic, grunt_dithmenos_smoke_and_mirrors, kennysheep_mini,
          st_stairs_13, kennysheep_another_room, uniq_eustachio
D:6:      layout_loops_ring, marbit_many_paths,
          gammafunk_temple_overflow_elements
D:7:      layout_basic, overflow_temple_1_default,
          minmay_temple_entry_statues_fountains, uniq_harold
D:8:      layout_basic, grunt_temple_overflow_gold_and_silver,
          vehumet_altar_wand_db, uniq_pikel
D:9:      layout_loops_ring
D:10:     layout_stronghold, orc_0_dummy, st_stairs_7, lemuel_altar_in_water,
          uniq_snorg
D:11:     layout_cave_pools, erik_lair_orcish_takeover,
          hangedman_corner_corridor
D:12:     layout_rooms, uniq_maurice, uniq_nergalle
D:13:     layout_basic, skrybe_vaults_entry_preservation, uniq_nessos
D:14:     layout_loops_cross, gammafunk_ghost_split, enter_bailey_2,
          nicolae_ashenzari_skybound, dpeg_stationary_puzzle
Temple:   minmay_temple_curvy_loop
Lair:1:   cheibrodos_lair_river_kwai, layout_regular_city,
          nicolae_quartered_pool_medium, chequers_serial_rivers_micro_a,
          minmay_lair_oklob_chamber
Lair:2:   layout_cellular_growth, skrybe_swamp_entry_bodies,
          guppyfry_snake_entry_island, basic_altar, grunt_megastairs_2,
          lemuel_fruit_tree
Lair:3:   layout_cave_pods, nicolae_volcano_entry_lava_flow,
          serial_bayou_shore_a
Lair:4:   layout_big_grid, nzn_ghost_randoct, gauntlet_entry_generic,
          forest_entry_grove
Orc:1:    layout_diamond_mine, basic_altar, minmay_orc_treasury, uniq_erica

Skill      XL: |  1  2  3  4  5  6  7  8  9 10 11 12 13 14 |
---------------+-------------------------------------------+-----
Short Blades   | 3 4 6 7 8 10 12 13 14 | 14.0
Stealth        | 6 7 8 12 13 14 | 14.5
Dodging        | 2 3 4 6 8 9 10 11 12 | 12.2
Fighting       | 6 7 8 9 10 | 10.4
Armour         | 2 3 4 5 6 |  6.0
Shields        | 3 4 5 |  5.3
Invocations    | 6 9 10 | 10.0
Throwing       | 4 |  4.0

Action                   |  1- 3 |  4- 6 |  7- 9 | 10-12 | 13-15 || total
-------------------------+-------+-------+-------+-------+-------++-------
Melee: Dagger            |   114 |   123 |   364 |   609 |       ||  1210
       Rapier            |       |       |       |   940 |       ||   940
       Short sword       |       |       |       |    23 |   670 ||   693
       Unarmed           |       |       |       |    22 |       ||    22
 Fire: Hunting sling     |    17 |       |    15 |     8 |       ||    40
Throw: Dart              |       |       |     1 |    43 |     1 ||    45
       Throwing net      |       |       |       |     1 |       ||     1
Invok: Line Pass         |       |       |       |     8 |     7 ||    15
       Stomp             |       |       |       |       |     6 ||     6
       Grand Finale      |       |       |       |       |     1 ||     1
Evoke: Wand              |       |       |     1 |     7 |     1 ||     9
  Use: Scroll            |     1 |     9 |     2 |    12 |     6 ||    30
       Potion            |       |       |     2 |     6 |       ||     8
 Stab: Sleeping          |    15 |    26 |    35 |    38 |    33 ||   147
       Distracted        |     1 |       |     1 |     5 |     7 ||    14
       Paralysed         |       |       |       |    31 |    21 ||    52
       Invisible         |       |       |       |     2 |       ||     2
       Confused          |       |       |       |     4 |     2 ||     6
Armor: Robe              |    18 |       |       |       |       ||    18
       Leather armour    |     1 |    13 |    30 |   127 |    40 ||   211
       Scale mail        |       |       |       |       |    17 ||    17
Dodge: Dodged            |    85 |    54 |   149 |   934 |   387 ||  1609
Block: Buckler           |     8 |    11 |    44 |   368 |    79 ||   510
       Kite shield       |       |       |       |       |    91 ||    91

Table legend: (Time is in decaauts)
 A = Elapsed time spent in this place.
 B = Non-inter-level travel time spent in this place.
 C = Inter-level travel time spent in this place.
 D = Time resting spent in this place.
 E = Time spent auto-exploring this place.
 F = Levels seen in this place.
 G = Mean time per level.
                   A        B        C        D        E       F      G
               +--------+--------+--------+--------+--------+-----+--------+
         Total |  28931 |  27751 |   1180 |   9869 |  12052 |  22 | 1315.0 |
       Dungeon |  22114 |  21119 |    995 |   8046 |   8614 |  14 | 1579.6 |
        Temple |    320 |    288 |     32 |      0 |    259 |   1 |  320.0 |
          Lair |   4554 |   4401 |    153 |    940 |   2755 |   4 | 1138.5 |
  Orcish Mines |    117 |    117 |      0 |     27 |      0 |   1 |  117.0 |
       Volcano |    248 |    248 |      0 |      0 |    152 |   1 |  248.0 |
      Gauntlet |   1575 |   1575 |      0 |    856 |    271 |   1 | 1575.0 |
               +--------+--------+--------+--------+--------+-----+--------+

Top non-repeatable levels by time:
    D:10: 4518 daAuts
    D:11: 2769 daAuts
  Lair:1: 1811 daAuts
     D:3: 1707 daAuts
Gauntlet: 1575 daAuts
     D:4: 1571 daAuts
     D:5: 1506 daAuts
     D:1: 1497 daAuts
     D:7: 1420 daAuts
     D:8: 1415 daAuts
  Lair:2: 1409 daAuts
     D:6: 1374 daAuts
    D:13: 1341 daAuts
  Lair:3: 1167 daAuts
     D:9: 1019 daAuts
